Map: Fields of Shazir

Players

BlackNova

  • Race: Terran Terran
  • Spawn Location: 3:00

Kswiss

  • Race: Protoss Protoss
  • League: Silver
  • Spawn Location: 5:00

Metasapien

  • Race: Zerg Zerg
  • League: Platinum
  • Spawn Location: 3:00

HSM

  • Race: Protoss Protoss
  • League: Gold
  • Spawn Location: 9:00

NachoCheeze

  • Race: Zerg Zerg
  • Spawn Location: 7:00

Latro

  • Race: Terran Terran
  • Spawn Location: 9:00

VOD

Have the link to the VOD?

Description

Time

  • Played on: Sept. 22, 2017, 9:38 p.m.
  • Length: 10:34
Show
View Real Time Build Order
Export as new Build Order

BlackNova Terran 

Build Orders:  

Get SALT Encoding   

  12  0:02  SCV  
  14  0:14  SCV  
  14  0:23  Supply Depot  
  14  0:26  SCV  
  15  0:49  SCV  
  16  0:56  Barracks  
  16  1:04  SCV  
  17  1:12  Barracks  
  17  1:21  Barracks  
  17  1:36  Supply Depot  
  17  1:45  Marine  
  18  1:54  Orbital Command  
  18  1:59  Marine  
  19  2:03  Marine  
  20  2:10  Marine  
  21  2:17  Marine  
  21  2:21  Marine, Supply Depot  
  23  2:27  Marine  
  24  2:35  Marine  
  25  2:39  Marine  
  26  2:45  Marine  
  27  2:52  Marine  
  27  2:54  Refinery  
  27  2:57  Marine  
  28  3:03  Marine  
  29  3:10  Marine  
  30  3:13  Refinery  
  30  3:14  Marine  
  31  3:21  Marine  
  32  3:28  Marine  
  32  3:32  Marine  
  33  3:39  Marine  
  30  3:46  Marine  
  29  3:50  Marine  
  25  3:56  Marine  
  26  4:04  Marine  
  26  4:08  Marine  
  28  4:14  Marine  
  29  4:22  Marine  
  22  4:26  Marine  
  22  4:29  Factory  
  21  4:32  Marine  
  21  4:39  SCV, Marine  
  21  4:43  Marine  
  24  4:50  Marine  
  25  4:57  Marine  
  26  5:01  Marine  
  27  5:08  Marine  
  27  5:10  SCV  
  29  5:15  Command Center, Marine  
  29  5:19  Factory Tech Lab  
  30  5:21  Barracks Tech Lab  
  30  5:22  Factory  
  30  5:26  Marine  
  31  5:29  Engineering Bay  
  31  5:33  Marine  
  32  5:40  Stimpack  
  32  5:43  Marine  
  33  5:51  Marine  
  34  6:01  Marine  
  35  6:06  Missile Turret  
  35  6:07  Supply Depot  
  35  6:08  Marine  
  35  6:09  Factory Tech Lab  
  36  6:16  Siege Tank  
  39  6:26  Marine x2  
  41  6:44  Hellion  
  43  6:48  Hellion, Orbital Command  
  45  7:07  Siege Tank  
  48  7:16  Hellion  
  50  7:31  Refinery  
  50  7:33  Refinery  
  50  7:34  SCV  
  51  7:38  Hellion  
  53  8:02  Starport  
  39  8:39  Marine  
  39  8:40  Marine  
  22  8:42  Siege Tank x2  
  26  8:58  SCV  
  26  9:01  Marauder, Marine  
  30  9:10  SCV  
  30  9:13  Marine  
  30  9:14  Siege Tank  
  35  9:17  Medivac  
  33  9:47  SCV  
  34  9:59  SCV  
  25  10:01  Orbital Command  
  19  10:12  Hellion  
Show
View Real Time Build Order
Export as new Build Order

Kswiss Protoss 

Build Orders: Oracle Opening 

Get SALT Encoding   

  12  0:04  Probe (Chrono Boost)  
  13  0:14  Probe (Chrono Boost)  
  14  0:24  Pylon  
  15  0:28  Probe (Chrono Boost)  
  15  0:42  Probe (Chrono Boost)  
  16  0:46  Gateway  
  16  0:53  Probe (Chrono Boost)  
  16  0:56  Forge  
  17  1:01  Assimilator  
  17  1:12  Probe (Chrono Boost)  
  18  1:20  Pylon  
  18  1:25  Probe (Chrono Boost)  
  19  1:34  Photon Cannon  
  19  1:36  Probe (Chrono Boost)  
  20  1:47  Cybernetics Core  
  20  1:52  Probe (Chrono Boost)  
  21  2:01  Photon Cannon  
  21  2:04  Probe (Chrono Boost)  
  21  2:06  Assimilator  
  22  2:18  Photon Cannon  
  22  2:30  Stargate  
  22  2:32  Pylon  
  22  2:58  Nexus  
  22  3:12  Probe (Chrono Boost)  
  23  3:15  Oracle (Chrono Boost)  
  26  3:23  Probe  
  27  3:42  Pylon  
  27  3:47  Void Ray (Chrono Boost)  
  31  4:12  Pylon  
  31  4:20  Pylon  
  31  4:23  Pylon, Stargate  
  31  4:37  Probe  
  31  4:43  Assimilator  
  32  4:48  Probe  
  33  4:58  Probe  
  34  5:08  Void Ray (Chrono Boost)  
  34  5:09  Probe  
  34  5:13  Photon Cannon  
  43  5:14  Void Ray (Chrono Boost)  
  43  5:15  Photon Cannon  
  43  5:20  Probe  
  37  6:15  Void Ray (Chrono Boost)  
  45  6:19  Protoss Air Weapons Level 1  
  45  6:20  Void Ray (Chrono Boost), Probe  
  45  6:24  Assimilator  
  46  6:26  Assimilator  
  46  6:30  Probe  
  46  6:31  Photon Cannon  
  47  6:33  Pylon  
  47  6:41  Probe  
  48  6:51  Probe  
  49  7:02  Probe  
  50  7:12  Probe  
  51  7:18  Photon Cannon  
  51  7:19  Photon Cannon  
  51  7:23  Probe  
  52  7:40  Void Ray (Chrono Boost)  
  60  7:44  Stargate  
  60  7:46  Void Ray (Chrono Boost)  
  60  7:50  Fleet Beacon  
  60  8:38  Void Ray (Chrono Boost)  
  72  8:44  Void Ray x2 (Chrono Boost)  
  72  9:00  Nexus  
Show
View Real Time Build Order
Export as new Build Order

Metasapien Zerg 

Build Orders: Pool First 

Get SALT Encoding   

  12  0:01  Drone  
  13  0:25  Spawning Pool  
  13  0:27  Drone  
  13  0:30  Extractor  
  13  0:33  Extractor  
  11  0:36  Drone  
  11  0:41  Drone  
  13  0:50  Overlord  
  13  0:57  Drone  
  14  1:08  Drone  
  15  1:15  Drone  
  16  1:24  Metabolic Boost  
  16  1:36  Drone  
  16  1:37  Drone  
  18  1:54  Hatchery  
  18  2:00  Drone  
  18  2:01  Zergling x2  
  19  2:09  Overlord  
  19  2:19  Zergling x2  
  20  2:25  Queen  
  20  2:29  Overlord  
  22  2:38  Zergling x2  
  23  2:49  Drone  
  24  3:01  Drone  
  25  3:07  Queen  
  25  3:08  Drone  
  25  3:11  Zergling x2  
  29  3:19  Zergling x2  
  30  3:20  Lair  
  30  3:22  Zergling x2  
  31  3:37  Drone  
  31  3:39  Drone x4  
  36  3:48  Drone  
  36  3:53  Zergling x4  
  35  4:05  Zergling x4  
  36  4:14  Zergling x4  
  36  4:15  Zergling x4  
  39  4:21  Zergling x8  
  43  4:30  Overlord x2  
  43  4:39  Zergling x2  
  39  5:04  Zergling x2  
  39  5:05  Zergling x8  
  38  5:14  Zergling x2  
  35  5:33  Zergling x6  
  35  5:34  Zergling x2  
  30  5:45  Drone x2  
  30  5:47  Queen  
  26  6:05  Zergling x4  
  26  6:10  Spine Crawler  
  25  6:14  Spine Crawler  
  24  6:18  Spine Crawler  
  24  6:22  Queen  
  24  6:25  Zergling x6  
  7  7:04  Zergling x8  
  7  7:05  Zergling x2  
  12  7:09  Hatchery  
  9  8:30  Spawning Pool  
  9  8:34  Drone  
  4  9:17  Zergling x8  
  4  9:24  Drone x2  
  6  9:43  Drone x2  
  9  9:52  Drone  
Show
View Real Time Build Order
Export as new Build Order

HSM Protoss 

Build Orders:  

Get SALT Encoding   

  12  0:03  Probe (Chrono Boost)  
  13  0:13  Probe (Chrono Boost)  
  14  0:21  Pylon  
  14  0:24  Probe (Chrono Boost)  
  15  0:39  Probe (Chrono Boost)  
  16  0:44  Gateway  
  16  0:49  Probe (Chrono Boost)  
  17  0:51  Assimilator  
  17  1:00  Probe (Chrono Boost)  
  18  1:06  Forge  
  18  1:10  Probe (Chrono Boost)  
  19  1:21  Probe (Chrono Boost)  
  19  1:23  Pylon  
  20  1:29  Assimilator  
  20  1:32  Probe (Chrono Boost)  
  21  1:42  Cybernetics Core  
  21  1:46  Zealot  
  23  1:49  Probe (Chrono Boost)  
  24  2:00  Probe (Chrono Boost)  
  25  2:07  Photon Cannon  
  25  2:20  Pylon  
  25  2:27  Robotics Facility  
  25  2:29  Warp Gate (Chrono Boost)  
  25  2:36  Gateway  
  25  2:41  Mothership Core  
  27  2:51  Gateway  
  27  3:05  Gateway  
  27  3:09  Probe  
  28  3:18  Warp Prism  
  30  3:25  Probe  
  31  3:46  Probe  
  32  4:28  Pylon  
  32  4:32  Photon Cannon  
  32  4:34  Photon Cannon  
  32  4:37  Pylon, Zealot x2  
  36  4:38  Zealot  
  36  4:45  Pylon  
  38  4:48  Zealot  
  40  4:56  Photon Cannon  
  40  5:03  Zealot  
  40  5:04  Zealot x2  
  23  5:44  Zealot x3  
  26  6:18  Zealot x4  
  34  6:50  Probe  
  35  6:54  Photon Cannon  
  33  7:03  Probe  
  32  7:15  Probe  
  33  7:16  Stalker  
  33  7:17  Stalker  
  33  7:19  Stalker  
  35  7:27  Probe  
  36  7:30  Stalker  
  38  7:39  Probe  
  39  7:54  Stalker x2  
  43  8:01  Probe  
  43  8:13  Probe  
Show
View Real Time Build Order
Export as new Build Order

NachoCheeze Zerg 

Build Orders: Pool First 

Get SALT Encoding   

  12  0:02  Drone  
  13  0:13  Overlord  
  13  0:24  Drone  
  14  0:31  Drone x2  
  16  0:35  Drone  
  17  0:48  Spawning Pool  
  16  0:51  Drone  
  17  1:00  Extractor  
  17  1:01  Drone  
  17  1:08  Drone  
  18  1:18  Drone  
  19  1:33  Hatchery  
  19  1:36  Drone  
  19  1:39  Queen  
  21  1:57  Drone  
  22  2:04  Overlord x2  
  22  2:24  Zergling x2  
  22  2:25  Zergling x2  
  24  2:33  Zergling x2  
  24  2:36  Metabolic Boost  
  25  2:55  Zergling x10  
  30  3:01  Drone  
  31  3:13  Zergling x4  
  29  3:42  Zergling x12  
  28  3:58  Zergling x4  
  30  4:06  Queen  
  30  4:24  Zergling x4  
  30  4:25  Zergling x4  
  32  5:00  Drone x3  
  32  5:01  Drone x4  
  37  5:16  Drone  
  38  5:24  Roach Warren  
  38  5:27  Evolution Chamber  
  36  5:43  Zergling x4  
  36  5:44  Zergling x12  
  44  5:53  Overlord  
  44  5:54  Overlord  
  44  5:58  Evolution Chamber  
  44  5:59  Zerg Melee Weapons Level 1  
  43  6:18  Lair  
  43  6:26  Zergling x4, Hatchery  
  43  6:27  Zergling x14  
  43  6:28  Zergling x2  
  49  7:04  Roach  
  49  7:05  Roach x4  
  53  7:28  Queen  
  55  7:34  Hydralisk Den  
  54  7:37  Spire  
  53  7:56  Zergling x4  
  53  7:57  Zergling x12  
  37  8:43  Zergling x8  
  37  8:44  Zergling x8  
  37  8:45  Zergling x8  
  49  9:04  Glial Reconstitution  
  49  9:08  Zergling x12  
  55  9:27  Zergling x14  
  55  9:28  Zergling x8  
  55  9:31  Overlord  
  63  9:44  Hydralisk x2  
  57  10:32  Extractor  
Show
View Real Time Build Order
Export as new Build Order

Latro Terran 

Build Orders:  

Get SALT Encoding   

  12  0:06  SCV  
  13  0:18  SCV  
  13  0:21  Supply Depot  
  14  0:33  SCV  
  15  0:46  SCV, Barracks  
  16  0:52  Refinery  
  16  0:57  Refinery  
  16  0:58  SCV  
  17  1:14  Barracks  
  17  1:17  SCV  
  18  1:29  SCV  
  19  1:41  Barracks Tech Lab, SCV  
  20  1:53  Barracks, SCV  
  21  2:06  Barracks Reactor, Supply Depot  
  21  2:13  Combat Shields  
  21  2:18  SCV  
  22  2:23  Marine  
  23  2:30  SCV  
  24  2:41  Marine  
  24  2:42  Barracks Reactor  
  24  2:43  SCV  
  26  2:54  Marine  
  26  2:55  Factory  
  26  2:58  Marine  
  28  3:15  Marine x2  
  28  3:16  Marine  
  31  3:20  Orbital Command  
  31  3:53  Marine  
  31  4:08  Marine  
  31  4:11  Factory Reactor  
  31  4:19  Marine x4  
  35  4:26  Marine  
  36  4:37  Marine x3  
  39  4:57  Marine  
  35  5:14  Marine x2  
  35  5:15  Marine x2  
  35  5:17  Engineering Bay  
  39  5:25  Cyclone x2  
  45  5:28  Marine  
  45  5:32  Marine  
  47  5:46  Command Center  
  47  5:56  Terran Infantry Weapons Level 1  
  47  6:01  Refinery  
  47  6:29  Supply Depot  
  47  6:45  Marine x3  
  47  6:50  Marine x2  
  47  6:51  Cyclone x2  
  47  6:52  Supply Depot  
  55  7:05  Starport  
  55  7:08  Marine x2  
  55  7:09  Marine  
  58  7:17  Missile Turret  
  58  7:23  Cyclone x2  
  58  7:25  Planetary Fortress  
  64  7:38  Missile Turret  
  64  7:41  SCV  
  64  7:43  Starport  
  65  7:50  Terran Infantry Armor Level 1  
  65  7:53  SCV  
  65  7:54  Medivac  
  68  8:06  SCV  
  69  8:18  SCV  
  49  8:51  Marine x5  
  54  8:59  Missile Turret  
  54  9:01  Missile Turret  
  54  9:02  Missile Turret, Starport Reactor  
  54  9:03  Starport Reactor  
  54  9:04  Missile Turret  
  54  9:08  Marine x2  
  54  9:09  Marine x2  
  58  9:10  Marine  
  59  9:26  Marine x3  
  59  9:27  Marine  
  63  9:32  Marine  
  55  9:41  Viking x3  
  55  9:44  Marine x2  
  59  9:50  Marine  
  46  10:02  Marine  
  46  10:03  Marine  
  46  10:08  Marine  
Tags
 
Add a new tag
Caveats
  • Supply blocks, unpowered buildings, or Contaminate may cause inaccurate times.
  • Supply counts are checked every 10 seconds.